 Dungeon Crawl Stone Soup version 0.28-a0-1616-g050a50673c (webtiles) character file.

Game seed: 5711735970097223642

111 soggyman666 the Magician (level 5, -13/35 HPs)
             Began as a Djinni Hedge Wizard on Jan 22, 2022.
             Killed by divine providence
             ... invoked by an orc priest
              (15 damage)
             ... on level 3 of the Dungeon.
             The game lasted 00:14:00 (4029 turns).

soggyman666 the Magician (Djinni Hedge Wizard)      Turns: 4029, Time: 00:14:01

Health: -13/35     AC: 10    Str:  9    XL:     5   Next: 15%
Gold:   202        EV: 12    Int: 18    God:
                   SH:  0    Dex: 12

rFire   + + .      SeeInvis .   (no weapon)
rCold   x . .      Faith    .   (no shield)
rNeg    . . .      Spirit   .   b - +0 robe
rPois   ∞          Reflect  .   c - +0 hat
rElec   .          Harm     .   i - +2 cloak
rCorr   .          Rampage  .   h - +0 pair of gloves
Will    .....                   (boots unavailable)
Stlth   ++........              (no amulet)
HPRegen 0.11/turn               a - +4 ring of protection
MPRegen 0.00/turn               (no ring)

@: flying
A: sickness immunity, fire resistance 2, cold vulnerability 1, float, innate
caster, hp casting, extra vitality 1
a: no special abilities


You were on level 3 of the Dungeon.
You visited 1 branch of the dungeon, and saw 3 of its levels.

You collected 202 gold pieces.

Inventory:

Armour
 b - a +0 robe (worn)
 c - a +0 hat (worn)
 h - a +0 pair of gloves (worn)
 i - a +2 cloak (worn)
Jewellery
 a - a +4 ring of protection (left hand)
 e - an amulet of faith
Wands
 d - a wand of paralysis (9)
 l - a wand of flame (12)
Scrolls
 f - a scroll of fear
Potions
 g - a potion of haste {unknown}
 k - 2 potions of heal wounds {unknown}


   Skills:
 * Level 2.5 Dodging
 * Level 2.0 Stealth
 * Level 3.9 Spellcasting
 * Level 0.2 Evocations


You couldn't memorise any spells.
You knew the following spells:

 Your Spells              Type           Power      Damage    Failure   Level
a - Magic Dart            Conj           68%        1d6       3%          1
b - Blink                 Tloc           34%        N/A       4%          2
c - Call Imp              Summ           17%        N/A       4%          2
d - Slow                  Hex            68%        N/A       3%          1
e - Conjure Flame         Conj/Fire      17%        6-21      9%          3
f - Mephitic Cloud        Conj/Pois/Air  17%        N/A       9%          3
g - Sting                 Tmut/Pois      68%        1d6       3%          1
h - Scorch                Fire           34%        2d7       4%          2
Your spell library was empty.

Dungeon Overview and Level Annotations

Branches:
Dungeon (3/15)

Altars:
Sif Muna

Shops:
D:1 [

Annotations:
D:3 4 transporters, tatocazan's ghost, amateur FoFi


Innate Abilities, Weirdness & Mutations

You are immune to sickness and miasma.
You are immune to poison.
Your flesh is very heat resistant. (rF++)
You are vulnerable to cold. (rC-)
You float through the air rather than walking.
You learn spells naturally, not from books.
Your magical power is your life essence.
You have superior vitality. (+4 MHP)


Message History

The orc priest's fire resistance burns away.
The orc priest barely misses your crimson imp.
The orc priest hits you but does no damage.
Your crimson imp blinks!
The orc priest miscasts a cantrip.
Your crimson imp blinks!
Your crimson imp blinks!
What are your orders? t - Shout!
Orders for allies: a - Attack new target. r - Retreat! s - Stop attacking. g - Guard the area. f - Follow me.
Anything else - Cancel.
Guard this area!
The orc priest is no longer more vulnerable to fire.
The orc priest looks encouraged for a moment.
The orc priest invokes the aid of Beogh against you.
Pain shoots through your body!
* * * LOW HITPOINT WARNING * * *
Your crimson imp barely misses the orc priest.
Your crimson imp hits the orc priest but does no damage.
Your crimson imp barely misses the orc priest.
Casting: Scorch (safe; 4% risk of failure)
Confirm with . or Enter, or press ? or * to list all spells.
Flames lash the orc priest.
The orc priest is almost dead.
The orc priest's fire resistance burns away.
* * * LOW HITPOINT WARNING * * *
The orc hits your crimson imp with a +0 dagger.
Your crimson imp hits the orc priest.
Casting: Scorch (safe; 4% risk of failure)
Confirm with . or Enter, or press ? or * to list all spells.
You don't know that spell.
Unknown command.
The orc hits your crimson imp but does no damage.
Something closely misses your crimson imp.
Your crimson imp hits the orc but does no damage.
The orc priest mumbles some strange prayers to Beogh against you.
Beogh smites you!
You die...

.......# #....+...#+#...#......##
.......####...###.#.####.....####
...##........................##..
...##+##............####.....##.#
####...#............# #.#####...
#.oo#..o5...o....####.#.....©.
#.o.#..o####o....#....#.######
#...#...####.....#.####.#8P.©.
#..o)o..'.##.@...#.##<#.#P../.
#.......#.##.....#.##.#.####+#
##+#.####.##.....#.##.#.#5≈... #.
#.##.....#....#.#o≈...
#....#.####.####'#.#....#.#o≈≈≈≈
#....#......# #.#.##.#.#.#.≈≈⌠≈
#....#<.....# #.#.##.#.#.#.≈P≈≈
#....#####.#####.#.##.#.#.#.≈...
#....#.....#.....#.##(#.#.#.≈...


You could see 2 orc priests.

Vanquished Creatures
  Robin (D:3)
  An adder (D:2)
  An orc (D:3)
  4 endoplasms
  A giant cockroach (D:2)
  8 goblins
  7 hobgoblins
  2 quokkas (D:1)
  5 ball pythons
  7 bats
  4 frilled lizards
  6 kobolds
  2 rats
49 creatures vanquished.

Vanquished Creatures (collateral kills)
  2 adders (D:2)
  A dart slug (D:2)
  A ball python (D:2)
  An endoplasm (D:3)
  2 giant cockroaches (D:2)
  3 goblins (D:3)
  A hobgoblin (D:2)
  3 jackals (D:1)
  A kobold (D:2)
15 creatures vanquished.

Grand Total: 64 creatures vanquished

Notes
Turn   | Place    | Note
-------+----------+-------------------------------------------
     0 | D:1      | soggyman666 the Djinni Hedge Wizard began the quest for the
                  | Orb.
     0 | D:1      | Reached XP level 1. HP: 15/15 MP: 0/0
   281 | D:1      | Found a faded altar of an unknown god.
   290 | D:1      | Reached XP level 2. HP: 18/21 MP: 0/0
   621 | D:1      | Found Caahial's Armour Emporium.
   975 | D:1      | Reached skill level 3 in Spellcasting
  1033 | D:1      | Reached XP level 3. HP: 23/25 MP: 0/0
  1033 | D:1      | Learned a level 1 spell: Sting
  1291 | D:2      | Identified the +0 pair of boots of Sunlight {Will+ Str-4
                  | Dex+3}
  2159 | D:2      | Reached XP level 4. HP: 28/31 MP: 0/0
  3529 | D:3      | Found a transporter.
  3583 | D:3      | Found a transporter.
  3584 | D:3      | Noticed tatocazan's ghost (amateur FoFi)
  3584 | D:3      | Identified the +11 dire flail of Ghostly Defiance {holy,
                  | Int-4 Dex+5}
  3584 | D:3      | Noticed an ogre
  3585 | D:3      | Found a transporter.
  3586 | D:3      | Noticed an ogre
  3613 | D:3      | Noticed Robin
  3640 | D:3      | Killed Robin
  3641 | D:3      | Reached XP level 5. HP: 20/35 MP: 0/0
  3641 | D:3      | Learned a level 2 spell: Scorch
  3956 | D:3      | Found a transporter.
  4029 | D:3      | Killed from afar by an orc priest

Illustrated notes

Levels and vault maps discovered:
D:1:      psy_arrival_fountain, layout_rooms,
          hellmonk_ecumenical_altar_arch_garden, serial_shops,
          nicolae_shop_stone
D:2:      layout_basic, minmay_joined_circles
D:3:      gammafunk_wand_slinger, layout_basic, overflow_temple_1_default,
          gammafunk_ghost_smash, uniq_robin

Skill      XL: |  1  2  3  4 |
---------------+-------------+-----
Spellcasting   | 3 |  3.9
Stealth        | 2 |  2.0
Dodging        | |  2.5
Evocations     | |  0.2

Action                   |  1- 3 |  4- 6 || total
-------------------------+-------+-------++-------
 Cast: Magic Dart        |    63 |    38 ||   101
       Slow              |    14 |     4 ||    18
       Call Imp          |     7 |    10 ||    17
       Sting             |     6 |     4 ||    10
       Scorch            |       |     8 ||     8
Evoke: Wand              |       |     1 ||     1
  Use: Scroll            |     1 |     3 ||     4
Armor: Robe              |     8 |     8 ||    16
Dodge: Dodged            |    17 |    13 ||    30

Table legend: (Time is in decaauts)
 A = Elapsed time spent in this place.
 B = Non-inter-level travel time spent in this place.
 C = Inter-level travel time spent in this place.
 D = Time resting spent in this place.
 E = Time spent auto-exploring this place.
 F = Levels seen in this place.
 G = Mean time per level.
                   A        B        C        D        E       F      G
               +--------+--------+--------+--------+--------+-----+--------+
         Total |   4028 |   3857 |    171 |    140 |   3147 |   3 | 1342.7 |
       Dungeon |   4028 |   3857 |    171 |    140 |   3147 |   3 | 1342.7 |
               +--------+--------+--------+--------+--------+-----+--------+

Top non-repeatable levels by time:
     D:2: 1705 daAuts
     D:1: 1185 daAuts
     D:3: 1136 daAuts
